 Dungeon Crawl Stone Soup version 0.28.0-53-g5a82cb258f (webtiles) character file.

Game seed: 511277753242799778

35 Gabide the Sneak (level 3, -1/30 HPs)
             Began as a Barachi Delver on June 15, 2022.
             Killed from afar by an orc wizard (7 damage)
             ... with a puff of flame
             ... on level 3 of the Dungeon.
             The game lasted 00:01:48 (642 turns).

Gabide the Sneak (Barachi Delver)                    Turns: 642, Time: 00:01:48

Health: -1/30      AC:  3    Str: 13    XL:     3   Next: 35%
Magic:  3/3        EV: 12    Int: 10    God:
Gold:   9          SH:  0    Dex: 15    Spells: 2/2 levels left

rFire   . . .      SeeInvis .   a - +0 falchion
rCold   . . .      Faith    .   (no shield)
rNeg    . . .      Spirit   .   b - +0 leather armour
rPois   .          Reflect  .   (no helmet)
rElec   .          Harm     .   (no cloak)
rCorr   .          Rampage  .   (no gloves)
Will    .....                   (no boots)
Stlth   +++.......              (no amulet)
HPRegen 0.10/turn               (no ring)
MPRegen 0.08/turn               (no ring)

@: hasted, quick
A: amphibious, slowness 1, strong legs 1, +LOS
a: Hop


You were on level 3 of the Dungeon.
You visited 1 branch of the dungeon, and saw 3 of its levels.

You collected 9 gold pieces.

Inventory:

Hand Weapons
 a - a +0 falchion (weapon)
Armour
 b - a +0 leather armour (worn)
 d - a +0 ring mail
Wands
 g - a wand of digging (3)
Scrolls
 c - a scroll of fog
 e - a scroll of fear
Potions
 f - a potion of magic {unknown}


   Skills:
 + Level 4.2 Fighting
 + Level 3.2 Long Blades
 + Level 2.9 Dodging
 - Level 4.5 Stealth


You had 2 spell levels left.
You didn't know any spells.
Your spell library was empty.

Dungeon Overview and Level Annotations

Branches:
Dungeon (5/15)
 Temple: D:4-7

Altars:
Yredelemnul

Annotations:
D:4 exclusion: phantom, Edmund
D:5 exclusions: centaur and door


Innate Abilities, Weirdness & Mutations

You are amphibious.
You cover ground slowly.
You can hop short distances.
You have an extended range of vision and can be seen from far away.


Message History

You barely miss the hobgoblin.
The hobgoblin is lightly wounded.
The orc shouts!
The hobgoblin barely misses you. The hobgoblin hits you.
You hit the hobgoblin but do no damage.
The hobgoblin is lightly wounded.
The hobgoblin hits you.
Okay, then.
As you read the scroll of magic mapping, it crumbles to dust.
You feel aware of your surroundings.
You sensed 2 altars.
An orc comes into view. It is wielding a +0 hand axe.
The hobgoblin closely misses you.
Unknown command.
Unknown command.
You feel yourself speed up.
The hobgoblin hits you but does no damage.
Something hits you.
Found a ring mail.
The orc shouts!
Something hits you.
You see here a +0 ring mail.
d - a +0 ring mail A worm comes into view.
Found a glowing silvery potion.
A ball python zombie and a quokka zombie come into view.
Found a flail.
You see here a glowing silvery potion.
f - a glowing silvery potion A howler monkey zombie comes into view.
A hound zombie comes into view.
Found a basalt altar of Yredelemnul.
You hear some strange, mumbled words.
A puff of flame appears from out of thin air!
The puff of flame misses you.
A magic dart appears from out of thin air!
The magic dart hits you!
* * * LOW HITPOINT WARNING * * *
A puff of flame appears from out of thin air!
The puff of flame hits you!
You die...

,,.#.####.......##..♣♣.♣._Z♣.♣...
,,,#,* #..........#..w♣...♣..♣**
,,,*,***#..........#♣♣.♣♣♣.Z.♣,*
,,,,,,,,........##.##♣♣.♣Z♣.♣..#
,,,,,**#.##..##.....##w♣.♣..♣**#
,,>*** #.*#.....##..##K♣.♣♣.#
*******#.##.....##...{ZKZ...#
*,***,,,...........##########
,,,,,,,,,,#.....@..#
,,,,*,**,,#.########
,,,,,,,,,,*,* ,,,,*,***,*,*
,,,**,***,,,* *,***,,,,,,,*
*,********,** ,,,,* *,,* ,,,,*
**,*


You could see a kobold.

Vanquished Creatures
  A centaur zombie (D:5)
  An endoplasm (D:4)
  A hobgoblin (D:4)
  A ball python (D:4)
4 creatures vanquished.

Notes
Turn   | Place    | Note
-------+----------+-------------------------------------------
     0 | D:5      | Gabide the Barachi Delver began the quest for the Orb.
     0 | D:5      | Reached XP level 1. HP: 18/18 MP: 1/1
    40 | D:5      | Reached XP level 2. HP: 8/25 MP: 2/2
    40 | D:5      | Reached XP level 3. HP: 9/30 MP: 3/3
   250 | D:5      | Noticed a centaur
   424 | D:4      | Noticed a phantom
   584 | D:4      | Noticed Edmund
   628 | D:3      | Found a basalt altar of Yredelemnul.
   642 | D:3      | Killed from afar by an orc wizard

Illustrated notes

Levels and vault maps discovered:
D:3:      layout_loops_cross, lemuel_crystal_altar,
          nicolae_yredelemnul_corpse_copse
D:4:      layout_basic, st_stairs_9, uniq_edmund
D:5:      layout_gridville, nicolae_ossuary_entry_catacombs,
          nicolae_figureground_sparkle

Skill      XL: |  1 |
---------------+----+-----
Fighting       | 4 |  4.2
Long Blades    | 3 |  3.2
Dodging        | |  2.9
Stealth        | |  4.5

Action                   || total
-------------------------++-------
Melee: Falchion          ||    30
       Punch             ||     1
  Use: Potion            ||     2
       Scroll            ||     1
 Stab: Sleeping          ||     1
Armor: Leather armour    ||    26
Dodge: Dodged            ||    28
